AoeStats
← ogipochi_

Arena

504463520Analyzed
3v3 RM · 28d ago on Sep 5, 2026· 45m 47s· 6 players
Game mode
Random Map
Map size
Normal (6 player)
Population
200
Speed
Normal
Resources
Standard
Victory
Conquest
Starting age
Dark Age
Ending age
Imperial Age
RankedLock teamsTeams togetherTeam positionsShared explorationLock speedFull tech treeHidden civsTurbo modeCheats
Victory
Defeat
🇰🇿 Ethiopians · Kazakhstan
948
+15
🇵🇱 Franks · Poland
913
+16
🇹🇷 Mongols · Türkiye
864
+18
🇹🇼 Britons · Taiwan
990
-19
🇨🇳 Aztecs · China
913
-16
🇯🇵 Spanish · Japan
862
-14
ogipochi_
9:23 Loom
11:21 Feudal Age
12:13 Stone Mining
12:09 Double-Bit Axe
12:06 Horse Collar
13:03 Wheelbarrow
12:13 Town Watch
12:21 Gold Mining
13:15 Wheelbarrow
12:25 Town Watch
17:10 Castle Age
16:05 Padded Archer Armor
22:30 Bow Saw
27:01 Leather Archer Armor
31:13 Imperial Age
29:36 Bloodlines
29:26 Husbandry
30:19 Ballistics
30:42 Stone Shaft Mining
30:46 Murder Holes
31:04 Fortified Wall
31:12 Masonry
31:58 Hand Cart
31:29 Town Watch
33:09 Chemistry
33:25 Supremacy
33:27 Conscription
33:57 Ring Archer Armor
33:21 Arrowslits
33:51 Heavy Plow
33:42 Elite Conquistador
36:47 Architecture
399248324
14:03 Feudal Age
14:52 Horse Collar
20:14 Castle Age
18:24 Man-at-Arms
19:07 Double-Bit Axe
21:27 Bow Saw
22:29 Heavy Plow
24:08 Wheelbarrow
23:19 Pikeman
25:08 Long Swordsman
31:39 Hand Cart
31:12 Loom
34:27 Imperial Age
32:06 Scale Mail Armor
33:25 Gambesons
33:53 Forging
33:27 Elite Skirmisher
35:28 Chain Mail Armor
36:46 Garland Wars
35:50 Two-Handed Swordsman
37:03 Plate Mail Armor
36:41 Champion
39:07 Elite Jaguar Warrior
40:36 Coinage
41:47 Iron Casting
41:41 Squires
41:34 Arson
Mr.Wu
12:20 Feudal Age
13:05 Double-Bit Axe
13:23 Horse Collar
16:12 Castle Age
14:00 Loom
18:07 Bow Saw
18:00 Heavy Plow
23:46 Wheelbarrow
24:50 Gold Mining
24:46 Crossbowman
25:22 Fletching
30:24 Imperial Age
27:43 Town Watch
28:17 Hand Cart
28:23 Pikeman
29:03 Squires
29:48 Ballistics
30:08 Gold Shaft Mining
30:07 Padded Archer Armor
30:19 Forging
30:04 Bodkin Arrow
30:46 Scale Mail Armor
31:28 Conscription
32:18 Chemistry
31:35 Arbalester
33:10 Heavy Scorpion
36:42 Bracer
37:57 Capped Ram
40:02 Halberdier
42:32 Chain Mail Armor
42:34 Leather Archer Armor
42:54 Iron Casting
mateuszes
1:00 Loom
11:48 Feudal Age
16:25 Castle Age
15:49 Double-Bit Axe
18:38 Bow Saw
21:16 Wheelbarrow
24:38 Fortified Wall
27:34 Hand Cart
27:44 Gold Mining
28:07 Town Watch
30:06 Husbandry
34:03 Imperial Age
32:34 Forging
32:29 Scale Barding Armor
32:48 Caravan
33:23 Town Patrol
32:46 Light Cavalry
34:42 Iron Casting
34:34 Chain Barding Armor
34:20 Cavalier
36:41 Blast Furnace
36:23 Paladin
40:47 Plate Barding Armor
42:28 Chivalry
42:49 Conscription
DeSong
11:40 Feudal Age
15:31 Castle Age
14:50 Gold Mining
14:48 Double-Bit Axe
14:47 Horse Collar
16:00 Fletching
17:28 Bow Saw
18:20 Crossbowman
29:02 Heavy Plow
30:21 Loom
30:21 Town Watch
31:11 Wheelbarrow
30:21 Town Watch
31:19 Gold Shaft Mining
30:44 Stone Mining
34:44 Imperial Age
33:03 Hand Cart
32:48 Town Patrol
33:30 Thumb Ring
34:28 Bodkin Arrow
34:34 Padded Archer Armor
34:20 Elite Skirmisher
35:32 Ballistics
34:55 Arbalester
35:37 Bracer
36:40 Chemistry
36:42 Stone Shaft Mining
36:32 Leather Archer Armor
36:52 Conscription
Kurtkapanı
2:41 Loom
11:15 Feudal Age
11:58 Feudal Age
12:59 Double-Bit Axe
16:55 Castle Age
15:08 Gold Mining
15:43 Stone Mining
15:46 Horse Collar
17:26 Forging
18:05 Heavy Plow
18:19 Bow Saw
20:36 Fletching
20:46 Padded Archer Armor
22:04 Scale Barding Armor
24:28 Elite Skirmisher
25:10 Bodkin Arrow
28:08 Gold Shaft Mining
29:42 Heavy Plow
29:44 Town Watch
31:21 Leather Archer Armor
31:18 Forging
31:55 Wheelbarrow
32:32 Town Patrol
32:36 Nomads
33:13 Hand Cart
33:47 Thumb Ring
35:11 Ballistics
35:02 Fortified Wall
35:03 Masonry
34:50 Murder Holes
35:41 Stone Shaft Mining
37:26 Herbal Medicine
41:06 Imperial Age
41:55 Bracer
42:59 Chemistry
42:05 Siege Engineers
41:33 Onager
43:04 Parthian Tactics
43:45 Conscription
44:38 Elite Mangudai
45:54 Hoardings
Connection lost

Rejoining the realm…

Still unreachable

The connection could not be restored.

Session expired

The server has moved on; the page needs a fresh start.